TOP OF THE 1ST |
University of Nebraska Cornhuskers batting - Pitching for California State University at Fullerton Titans : LHP Ryan Watkins
|
Pitching: LHP Ryan Watkins
|
|
Batting: RHB Quan Tai
|
0-0: Foul Ball, location: 2F 0-1: Ball 1-1: Ball 2-1: Ball 3-1: Base on Balls
|
Batting: RHB Juan Ordonez
|
0-0: Ball 1-0: Fly out, F8 (Line Drive, 8RM, EV 100.6 MPH)
|
Batting: RHB Kekoa Kahele
|
0-0: Ball 1-0: Ball 2-0: Ball 3-0: Called Strike 3-1: Fielders Choice at 2nd, 5-4 (Groundball, 56S, EV 78.1 MPH)
|
Batting: SHB Karl Starnes
|
0-0: Ball 1-0: Swinging Strike 1-1: Ball 2-1: Foul Ball, location: 2F 2-2: Strikes out looking
|
Top of the 1st over - 0 runs, 0 hits, 0 errors, 1 left on base; University of Nebraska 0 - California State University at Fullerton 0 |
BOTTOM OF THE 1ST |
California State University at Fullerton Titans batting - Pitching for University of Nebraska Cornhuskers : RHP John Olson
|
Pitching: RHP John Olson
|
|
Batting: LHB Zachery Ballard
|
0-0: Ball 1-0: Foul Ball, location: 2F 1-1: Ball 2-1: DOUBLE (Flyball, 89D, EV 105.6 MPH)
|
Batting: LHB George Last
|
0-0: Foul Ball, location: 2F 0-1: Ball 1-1: Ball 2-1: Ball 3-1: Foul Ball, location: 2F 3-2: SINGLE (Line Drive, 7S, EV 93.1 MPH) Zachery Ballard to third
|
Batting: RHB Amir Christy
|
0-0: Called Strike 0-1: Ball 1-1: Called Strike 1-2: Ball 2-2: SINGLE (Groundball, 4MD, EV 95.6 MPH) Zachery Ballard scores George Last to second
|
Batting: RHB Azeem bin Zuhair
|
0-0: Fielders Choice at 2nd, 3-6 (Groundball, 34, EV 109.4 MPH) George Last to third
|
Batting: LHB Xue-liang Zhou
|
0-0: Ball 1-0: Fielders Choice at 2nd, 4-6 (Groundball, 34, EV 91.9 MPH) George Last scores
|
Batting: RHB Don Burt
|
0-0: Ball 1-0: Ball 2-0: Called Strike 2-1: SINGLE (Line Drive, 3D, EV 101.3 MPH) Xue-liang Zhou to second
|
Pitching: LHP Connor Morse
|
|
Batting: SHB Dave Ramirez
|
0-0: Called Strike 0-1: Ball 1-1: Ball 2-1: Reached on error, E5 (Groundball, 56S, EV 85.6 MPH) Xue-liang Zhou to third Don Burt to second
|
Batting: RHB Wan-ling Zhu
|
0-0: GRAND SLAM HOME RUN (Flyball, 7D, EV 96.9 MPH), Distance : 375 ft
|
Batting: LHB Walt van der Rest
|
0-0: Ball 1-0: Ball 2-0: SINGLE (Line Drive, 78M, EV 91.3 MPH)
|
Batting: LHB Zachery Ballard
|
0-0: Ball 1-0: Ball 2-0: Swinging Strike 2-1: Foul Ball, location: 2F 2-2: Ball 3-2: Base on Balls Walt van der Rest to second
|
Batting: LHB George Last
|
0-0: Foul Ball, location: 2F 0-1: Hit by Pitch Walt van der Rest to third Zachery Ballard to second
|
Batting: RHB Amir Christy
|
0-0: Fly out, F9 (Line Drive, 9S, EV 90.6 MPH)
|
Bottom of the 1st over - 6 runs, 6 hits, 1 error, 3 left on base; University of Nebraska 0 - California State University at Fullerton 6 |
TOP OF THE 2ND |
University of Nebraska Cornhuskers batting - Pitching for California State University at Fullerton Titans : LHP Ryan Watkins
|
Batting: SHB Jim Lloyd
|
0-0: Foul Ball, location: 2F 0-1: Ball 1-1: Ball 2-1: Foul Ball, location: 2F 2-2: Foul Ball, location: 2F 2-2: Strikes out swinging
|
Batting: RHB Ramon Vidales
|
0-0: Called Strike 0-1: Ground out 5-3 (Groundball, 56S, EV 71.9 MPH)
|
Batting: RHB Eric Guy
|
0-0: Foul Ball, location: 2F 0-1: Swinging Strike 0-2: Ground out 6-3 (Groundball, 6MS, EV 77.5 MPH)
|
Top of the 2nd over - 0 runs, 0 hits, 0 errors, 0 left on base; University of Nebraska 0 - California State University at Fullerton 6 |
BOTTOM OF THE 2ND |
California State University at Fullerton Titans batting - Pitching for University of Nebraska Cornhuskers : LHP Connor Morse
|
Batting: RHB Azeem bin Zuhair
|
0-0: Swinging Strike 0-1: Ball 1-1: Ball 2-1: Foul Ball, location: 2F 2-2: Strikes out swinging
|
Batting: LHB Xue-liang Zhou
|
0-0: Foul Ball, location: 2F 0-1: Ground out 5-3 (Groundball, 56, EV 98.8 MPH)
|
Batting: RHB Don Burt
|
0-0: Ball 1-0: SOLO HOME RUN (Line Drive, 78XD, EV 114.4 MPH), Distance : 424 ft
|
Batting: SHB Dave Ramirez
|
0-0: Swinging Strike 0-1: Fly out, F9 (Flyball, 9LM, EV 103.8 MPH)
|
Bottom of the 2nd over - 1 run, 1 hit, 0 errors, 0 left on base; University of Nebraska 0 - California State University at Fullerton 7 |
TOP OF THE 3RD |
University of Nebraska Cornhuskers batting - Pitching for California State University at Fullerton Titans : LHP Ryan Watkins
|
Batting: RHB Hanley Hernandez
|
0-0: Ball 1-0: Called Strike 1-1: Hit by Pitch
|
Batting: RHB Mario Nevarez
|
0-0: Called Strike 0-1: Foul Ball, location: 2F 0-2: Strikes out swinging
|
Batting: RHB Quan Tai
|
0-0: Called Strike 0-1: Ball 1-1: Swinging Strike 1-2: Strikes out swinging
|
Batting: RHB Juan Ordonez
|
0-0: Foul Ball, location: 2F 0-1: SINGLE (Line Drive, 4M, EV 93.8 MPH) Hanley Hernandez to second
|
Batting: RHB Kekoa Kahele
|
0-0: Called Strike 0-1: Hit by Pitch Hanley Hernandez to third Juan Ordonez to second
|
Batting: SHB Karl Starnes
|
0-0: Swinging Strike 0-1: Ball 1-1: Foul Ball, location: 2F 1-2: Ball 2-2: Strikes out swinging
|
Top of the 3rd over - 0 runs, 1 hit, 0 errors, 3 left on base; University of Nebraska 0 - California State University at Fullerton 7 |
BOTTOM OF THE 3RD |
California State University at Fullerton Titans batting - Pitching for University of Nebraska Cornhuskers : LHP Connor Morse
|
Batting: RHB Wan-ling Zhu
|
0-0: Fly out, F6 (Popup, 6D, EV 59.4 MPH)
|
Batting: LHB Walt van der Rest
|
0-0: Called Strike 0-1: Called Strike 0-2: Fly out, F9 (Flyball, 89M, EV 78.1 MPH)
|
Batting: LHB Zachery Ballard
|
0-0: Called Strike 0-1: Ball 1-1: Fly out, F8 (Flyball, 8RM, EV 96.9 MPH)
|
Bottom of the 3rd over - 0 runs, 0 hits, 0 errors, 0 left on base; University of Nebraska 0 - California State University at Fullerton 7 |
TOP OF THE 4TH |
University of Nebraska Cornhuskers batting - Pitching for California State University at Fullerton Titans : LHP Ryan Watkins
|
Batting: SHB Jim Lloyd
|
0-0: Ball 1-0: Swinging Strike 1-1: Ball 2-1: Ball 3-1: Called Strike 3-2: Strikes out swinging
|
Batting: RHB Ramon Vidales
|
0-0: Ball 1-0: Called Strike 1-1: Ball 2-1: Foul Ball, location: 2F 2-2: Foul Ball, location: 2F 2-2: Foul Ball, location: 2F 2-2: Ball 3-2: Strikes out swinging
|
Batting: RHB Eric Guy
|
0-0: Ball 1-0: Ball 2-0: Called Strike 2-1: Swinging Strike 2-2: Ball 3-2: SINGLE (Line Drive, 3L, EV 97.5 MPH)
|
Batting: RHB Hanley Hernandez
|
0-0: Ball 1-0: Ball 2-0: Ball 3-0: Called Strike 3-1: Called Strike 3-2: Fly out, F8 (Flyball, 8RD, EV 87.5 MPH)
|
Top of the 4th over - 0 runs, 1 hit, 0 errors, 1 left on base; University of Nebraska 0 - California State University at Fullerton 7 |
BOTTOM OF THE 4TH |
California State University at Fullerton Titans batting - Pitching for University of Nebraska Cornhuskers : LHP Connor Morse
|
Batting: LHB George Last
|
0-0: Ball 1-0: Fly out, F4 (Popup, 4, EV 68.1 MPH)
|
Batting: RHB Amir Christy
|
0-0: Foul Ball, location: 2F 0-1: Ground out 1-3 (Groundball, 13S, EV 72.5 MPH)
|
Batting: RHB Azeem bin Zuhair
|
0-0: SOLO HOME RUN (Flyball, 78XD, EV 100.0 MPH), Distance : 416 ft
|
Batting: LHB Xue-liang Zhou
|
0-0: Foul Ball, location: 2F 0-1: Ball 1-1: Ball 2-1: Ball 3-1: Base on Balls
|
Batting: RHB Don Burt
|
0-0: Fly out, F8 (Flyball, 8RM, EV 83.8 MPH)
|
Bottom of the 4th over - 1 run, 1 hit, 0 errors, 1 left on base; University of Nebraska 0 - California State University at Fullerton 8 |
TOP OF THE 5TH |
University of Nebraska Cornhuskers batting - Pitching for California State University at Fullerton Titans : LHP Ryan Watkins
|
Batting: RHB Mario Nevarez
|
0-0: Ball 1-0: SINGLE (Groundball, 56S, EV 68.8 MPH) (infield hit)
|
Pitching: RHP Marcus Greene
|
|
Batting: RHB Quan Tai
|
0-0: Swinging Strike 0-1: Called Strike 0-2: Ball 1-2: Strikes out swinging
|
Batting: RHB Juan Ordonez
|
0-0: Fly out, F7 (Flyball, 78M, EV 88.8 MPH)
|
Batting: RHB Kekoa Kahele
|
0-0: Called Strike 0-1: Swinging Strike 0-2: Ball 1-2: Fly out, F6 (Line Drive, 6, EV 73.8 MPH)
|
Top of the 5th over - 0 runs, 1 hit, 0 errors, 1 left on base; University of Nebraska 0 - California State University at Fullerton 8 |
BOTTOM OF THE 5TH |
California State University at Fullerton Titans batting - Pitching for University of Nebraska Cornhuskers : LHP Connor Morse
|
Batting: SHB Dave Ramirez
|
0-0: Foul Ball, location: 2F 0-1: SINGLE (Groundball, 6MD, EV 98.1 MPH)
|
Batting: RHB Wan-ling Zhu
|
0-0: Ball 1-0: SINGLE (Line Drive, 7S, EV 95.0 MPH) Dave Ramirez to second
|
Batting: LHB Walt van der Rest
|
0-0: Called Strike 0-1: Foul Ball, location: 2F 0-2: SINGLE (Line Drive, 4MD, EV 94.4 MPH) Dave Ramirez to third Wan-ling Zhu to second
|
Pitching: RHP Cheng-qian Shuai
|
|
Batting: LHB Zachery Ballard
|
0-0: Ball 1-0: Swinging Strike 1-1: Foul Ball, location: 2F 1-2: Ball 2-2: Ground out 3-1 (Groundball, 13, EV 76.3 MPH) Dave Ramirez scores Wan-ling Zhu to third Walt van der Rest to second
|
Batting: LHB George Last
|
0-0: Foul Ball, location: 2F 0-1: Foul Ball, location: 2F 0-2: SINGLE (Line Drive, 6D, EV 95.6 MPH) Wan-ling Zhu scores Walt van der Rest to third Runner from 3rd tries for Home, SAFE, throw by CF to home
|
Batting: RHB Amir Christy
|
0-0: Foul Ball, location: 2F 0-1: Ball 1-1: Fly out, F7 (Line Drive, 7, EV 90.0 MPH)
|
Batting: RHB Azeem bin Zuhair
|
0-0: Foul Ball, location: 2F 0-1: Foul Ball, location: 2F 0-2: Strikes out looking
|
Bottom of the 5th over - 3 runs, 4 hits, 0 errors, 1 left on base; University of Nebraska 0 - California State University at Fullerton 11 |
TOP OF THE 6TH |
University of Nebraska Cornhuskers batting - Pitching for California State University at Fullerton Titans : RHP Marcus Greene
|
Batting: SHB Karl Starnes
|
0-0: Ball 1-0: Ball 2-0: Foul Ball, location: 2F 2-1: Ground out 4-3 (Groundball, 34D, EV 101.3 MPH)
|
Batting: SHB Jim Lloyd
|
0-0: Ball 1-0: Called Strike 1-1: Swinging Strike 1-2: Foul Ball, location: 2F 1-2: Strikes out swinging
|
Batting: RHB Ramon Vidales
|
0-0: Ball 1-0: Ball 2-0: Called Strike 2-1: Ground out 5-3 (Groundball, 56, EV 80.6 MPH)
|
Top of the 6th over - 0 runs, 0 hits, 0 errors, 0 left on base; University of Nebraska 0 - California State University at Fullerton 11 |
BOTTOM OF THE 6TH |
California State University at Fullerton Titans batting - Pitching for University of Nebraska Cornhuskers : RHP Cheng-qian Shuai
|
Batting: LHB Xue-liang Zhou
|
0-0: Called Strike 0-1: Swinging Strike 0-2: Fly out, F9 (Flyball, 9, EV 87.5 MPH)
|
Batting: RHB Don Burt
|
0-0: Ball 1-0: Called Strike 1-1: Foul Ball, location: 2F 1-2: Foul Ball, location: 2F 1-2: Foul Ball, location: 2F 1-2: Ball 2-2: Ball 3-2: Base on Balls
|
Batting: SHB Dave Ramirez
|
0-0: Ball 1-0: Ball 2-0: Ball 3-0: Called Strike 3-1: Base on Balls Don Burt to second
|
Batting: RHB Wan-ling Zhu
|
0-0: Ball 1-0: Swinging Strike 1-1: Ball 2-1: Foul Ball, location: 2F 2-2: Fly out, F3 (Popup, 3S, EV 78.8 MPH)
|
Batting: LHB Walt van der Rest
|
0-0: 3-RUN HOME RUN (Flyball, 9D, EV 97.5 MPH), Distance : 379 ft
|
Batting: LHB Zachery Ballard
|
0-0: Called Strike 0-1: Ball 1-1: Ball 2-1: Foul Ball, location: 2F 2-2: Strikes out swinging
|
Bottom of the 6th over - 3 runs, 1 hit, 0 errors, 0 left on base; University of Nebraska 0 - California State University at Fullerton 14 |
TOP OF THE 7TH |
University of Nebraska Cornhuskers batting - Pitching for California State University at Fullerton Titans : RHP Marcus Greene
|
Batting: RHB Eric Guy
|
0-0: Ball 1-0: Ball 2-0: Reached on error, E6 (Groundball, 6, EV 90.6 MPH)
|
Batting: RHB Hanley Hernandez
|
0-0: Ball 1-0: Called Strike 1-1: Ball Eric Guy steals 2nd base (no throw) 2-1: Called Strike 2-2: Reached on error, E5 (Groundball, 56, EV 103.8 MPH) Eric Guy scores
|
Batting: RHB Mario Nevarez
|
0-0: Called Strike 0-1: Swinging Strike 0-2: Ball 1-2: Ball 2-2: Strikes out swinging
|
Batting: RHB Quan Tai
|
0-0: Ball 1-0: Ball 2-0: Ball 3-0: Called Strike 3-1: SINGLE (Groundball, 5S, EV 63.1 MPH) (infield hit) Hanley Hernandez to third
|
Batting: RHB Juan Ordonez
|
0-0: Called Strike Quan Tai steals 2nd base (no throw) 0-1: Foul Ball, location: 2F 0-2: Strikes out looking
|
Batting: RHB Kekoa Kahele
|
0-0: Ball 1-0: Called Strike 1-1: Swinging Strike 1-2: DOUBLE (Line Drive, 7LS, EV 113.8 MPH) Hanley Hernandez scores Quan Tai scores
|
Batting: SHB Karl Starnes
|
0-0: Foul Ball, location: 2F 0-1: Called Strike 0-2: Strikes out swinging
|
Top of the 7th over - 3 runs, 2 hits, 2 errors, 1 left on base; University of Nebraska 3 - California State University at Fullerton 14 |
BOTTOM OF THE 7TH |
California State University at Fullerton Titans batting - Pitching for University of Nebraska Cornhuskers : RHP Cheng-qian Shuai
|
Batting: LHB George Last
|
0-0: Ball 1-0: Fly out, F7 (Flyball, 7LM, EV 80.6 MPH)
|
Pinch Hitting: SHB Guy Christensen
|
0-0: Ball 1-0: Ball 2-0: Foul Ball, location: 2F 2-1: Ground out 6-3 (Groundball, P, EV 83.1 MPH)
|
Pinch Hitting: SHB Mulatu Adebayo
|
0-0: Ball 1-0: Foul Ball, location: 2F 1-1: Foul Ball, location: 2F 1-2: SINGLE (Line Drive, 3D, EV 97.5 MPH)
|
Pinch Hitting: SHB Terciero Ortiz
|
0-0: Ball 1-0: Fly out, F6 (Popup, 6, EV 66.9 MPH)
|
Bottom of the 7th over - 0 runs, 1 hit, 0 errors, 1 left on base; University of Nebraska 3 - California State University at Fullerton 14 |
TOP OF THE 8TH |
University of Nebraska Cornhuskers batting - Pitching for California State University at Fullerton Titans : RHP Marcus Greene
|
Now at 1B: Vince Harris
|
|
Now at 3B: Guy Christensen
|
|
Now in LF: Brad Mobley
|
|
Batting: LHB Fernão Manta
|
0-0: Foul Ball, location: 2F 0-1: Called Strike 0-2: Strikes out swinging
|
Batting: RHB Ramon Vidales
|
0-0: Ball 1-0: Called Strike 1-1: Ball 2-1: Called Strike 2-2: Ground out 3-1 (Groundball, 34, EV 101.9 MPH)
|
Batting: RHB Eric Guy
|
0-0: Foul Ball, location: 2F 0-1: Ball 1-1: Called Strike 1-2: Foul Ball, location: 2F 1-2: Strikes out swinging
|
Top of the 8th over - 0 runs, 0 hits, 0 errors, 0 left on base; University of Nebraska 3 - California State University at Fullerton 14 |
BOTTOM OF THE 8TH |
California State University at Fullerton Titans batting - Pitching for University of Nebraska Cornhuskers : RHP Cheng-qian Shuai
|
Batting: RHB Don Burt
|
0-0: Called Strike 0-1: Ball 1-1: SINGLE (Groundball, 6MD, EV 103.1 MPH)
|
Pitching: RHP Ken Boyar
|
|
Batting: SHB Dave Ramirez
|
0-0: Ball 1-0: Ball 2-0: Fly out, F8 (Flyball, 78M, EV 92.5 MPH)
|
Pinch Hitting: RHB Ricky Alvarado
|
0-0: Swinging Strike 0-1: Swinging Strike 0-2: Ball 1-2: Foul Ball, location: 2F 1-2: Ball 2-2: Foul Ball, location: 2F 2-2: Foul Ball, location: 2F 2-2: Ball 3-2: Strikes out swinging
|
Batting: LHB Walt van der Rest
|
0-0: Foul Ball, location: 2F 0-1: Foul Ball, location: 2F 0-2: Ground out U3 (Groundball, 3L, EV 88.1 MPH)
|
Bottom of the 8th over - 0 runs, 1 hit, 0 errors, 1 left on base; University of Nebraska 3 - California State University at Fullerton 14 |
TOP OF THE 9TH |
University of Nebraska Cornhuskers batting - Pitching for California State University at Fullerton Titans : RHP Marcus Greene
|
Now at 2B: Guillermo Arredondo
|
|
Pinch Hitting: LHB Jerry Santana
|
0-0: Ball 1-0: Ground out 4-3 (Groundball, 4S, EV 83.1 MPH)
|
Pinch Hitting: LHB Jessie McDonough
|
0-0: SINGLE (Groundball, 4MD, EV 103.8 MPH)
|
Pitching: RHP Raymundo Pato
|
|
Batting: RHB Quan Tai
|
0-0: Called Strike 0-1: Swinging Strike 0-2: Foul Ball, location: 2F 0-2: Foul Ball, location: 2F 0-2: Ball 1-2: Strikes out swinging
|
Batting: RHB Juan Ordonez
|
0-0: Fly out, F4 (Popup, 34D, EV 55.0 MPH)
|
Top of the 9th over - 0 runs, 1 hit, 0 errors, 1 left on base; University of Nebraska 3 - California State University at Fullerton 14 |
|